 Dungeon Crawl Stone Soup version 0.19-a0-1907-gcff654f (webtiles) character file.

5916 shinino the Cleaver (level 11, 0/72 HPs)
             Began as a Formicid Fighter on Oct 21, 2016.
             Was a High Priest of Okawaru.
             Slain by a troll (15 damage)
             ... on level 10 of the Dungeon.
             The game lasted 00:27:40 (9048 turns).

shinino the Cleaver (Formicid Fighter)              Turns: 9048, Time: 00:27:40

Health: 0/72       AC: 11    Str: 20    XL:     11   Next: 9%
Magic:  9/16       EV: 11    Int:  9    God:    Okawaru [*****.]
Gold:   175        SH: 14    Dex: 17    Spells: 0 memorised, 10 levels left

rFire  . . .     SeeInvis +     K - +4 battleaxe (elec)
rCold  . . .     Gourm    .     G - +0 chain mail
rNeg   . . .     Faith    .     c - +0 shield
rPois  +         Spirit   .     (helmet unavailable)
rElec  +         Reflect  .     e - +0 cloak
rCorr  .         Harm     .     u - -3 pair of gloves of the Earth {rElec rPois Dex+4 Stlth+}
MR     +....                    (no boots)
Stlth  ++........               (no amulet)
                                (no ring)
                                A - ring of stealth

@: heroism, finesse
A: permanent stasis, dig shafts and tunnels, four strong arms, antennae 3,
blurry vision 1, frail 1, mutation resistance 1, sense surroundings 1, screaming
1, MP-powered wands
a: Dig, Shaft Self, Heroism, Finesse, Renounce Religion


You were on level 10 of the Dungeon.
You worshipped Okawaru.
Okawaru was extremely pleased with you.
You were not hungry.

You visited 2 branches of the dungeon, and saw 11 of its levels.
You also visited: Sewer.

You collected 587 gold pieces.
You spent 412 gold pieces at shops.

Inventory:

Hand Weapons
 K - a +4 battleaxe of electrocution (weapon)
Armour
 c - a +0 shield (worn)
 e - a +0 cloak (worn)
 u - the -3 pair of gloves of the Earth (worn) {rElec rPois Dex+4 Stlth+}
   (Okawaru gifted it to you on level 9 of the Dungeon)

   It affects your dexterity (+4).
   It insulates you from electricity.
   It protects you from poison.
   It makes you more stealthy.
 G - a +0 chain mail (worn)
Jewellery
 A - a ring of stealth (left hand)
Wands
 a - a wand of flame (36/48)
 z - a wand of random effects (24/48)
 J - a wand of heal wounds (2/9)
Scrolls
 b - a scroll of blinking {unknown}
 i - a scroll of random uselessness {unknown}
 j - a scroll of identify
 m - 3 scrolls of fear
 n - 2 scrolls of recharging
 q - 2 scrolls of enchant armour
 t - 3 scrolls of remove curse
 x - a scroll of immolation {unknown}
 B - 3 scrolls of enchant weapon
 C - a scroll of holy word {unknown}
 D - a scroll of amnesia {unknown}
 I - a scroll of fog {unknown}
Potions
 d - 2 potions of might
 h - 2 potions of curing
 l - a potion of agility {unknown}
 o - 3 potions of flight
 p - a potion of magic {unknown}
 r - a potion of invisibility {unknown}
 v - a potion of berserk rage {unknown}
 w - a potion of degeneration {unknown}
 E - 2 potions of ambrosia {unknown}
 H - 2 potions of brilliance {unknown}
 L - a potion of mutation {unknown}
Books
 k - a book of Misfortune

   Spells                             Type                      Level
   a - Confusing Touch                Hexes                        1
   b - Confuse                        Hexes                        3
   c - Gell's Gravitas                Hexes/Translocation          3
   d - Petrify                        Transmutation/Earth          4
   e - Metabolic Englaciation         Hexes/Ice                    5
   f - Yara's Violent Unravelling     Hexes/Transmutation          5
 F - a Young Poisoner's Handbook

   Spells                             Type                      Level
   a - Sting                          Conjuration/Poison           1
   b - Mephitic Cloud                 Conjuration/Poison/Air       3
   c - Olgreb's Toxic Radiance        Poison                       4
   d - Alistair's Intoxication        Transmutation/Poison         5
   e - Venom Bolt                     Conjuration/Poison           5
Comestibles
 f - 6 bread rations
 s - 4 meat rations
 M - 8 slices of pizza


   Skills:
 + Level 5.8(10.8) Fighting
 * Level 11.3(16.3) Axes
 + Level 5.6(10.6) Armour
 - Level 9.3(14.3) Shields
 * Level 7.2 Invocations


You had 10 spell levels left.
You didn't know any spells.

Dungeon Overview and Level Annotations

Branches:
Dungeon (10/15)            Temple (1/1) D:4
   Lair: D:8-11         Orc: D:9-12

Altars:
Gozag
Kikubaaqudgha
Nemelex Xobeh
Okawaru
Qazlal
Ru
Trog
Uskayaw
Zin
The Shining One

Shops:
D:4 (   D:5 =

Annotations:
D:10 Harold


Innate Abilities, Weirdness & Mutations

You are under a permanent stasis effect.
You can dig through walls and to a lower floor.
Your four strong arms can wield two-handed weapons with a shield.
You have a pair of large antennae on your head. (SInv)
Scrolls take you a little longer to read.
You are frail. (-10% HP)
You are somewhat resistant to further mutation.
You passively map a small area around you.
You occasionally shout uncontrollably at your foes.
You expend magic power (3 MP) to strengthen your wands.


Message History

The troll bites you but does no damage. You block the troll's attack.
The troll barely misses you. The troll bites you!
The troll completely misses you. You block the troll's attack.
An orc and Harold come into view.
You are too injured to fight recklessly!
Harold shouts!
You hit the troll.
The troll is lightly wounded.
The troll bites you!
* * * LOW HITPOINT WARNING * * *
You block the troll's attack. The troll claws you but does no damage.
You gain the combat prowess of a mighty hero.
You block the troll's attack. The troll claws you!
* * * LOW HITPOINT WARNING * * *
You block the troll's attack.
An orc comes into view. It is wielding a dagger.
You can now deal lightning-fast blows.
The orc shouts!
The troll bites you!
You die...

#. #.(.### *{, #
###.....+{ { **
#.###*###...##..#
, *....##.†.###
##..# ** #..#.###
*#.# ##...# *.# *
#..### * * . ,
###..# , .,,
#<..@# , #.##T# *
, * , #.. .O# , *
, ...,....* * ,
/.. o.@.. *
........!. *
........ * , , ,
o......... * , *


You could see Harold, a troll, an ogre and 2 orcs.

Vanquished Creatures
  Erolcha (D:9)
  Pikel (D:8)
  A komodo dragon (D:10)
  A two-headed ogre (D:9)
  A wyvern (D:8)
  A human (D:9)
  A soldier ant (D:10)
  2 sky beasts
  2 orc warriors (D:7)
  2 slaves (D:8)
  2 ogres
  3 centaurs
  A necrophage (D:9)
  8 big kobolds
  5 bullfrogs
  A scorpion (D:8)
  A water moccasin skeleton (D:4)
  9 killer bees
  4 wights (D:7)
  7 howler monkeys
  2 crimson imps
  3 bullfrog zombies
  A centaur zombie (D:6)
  5 hounds
  2 jellies (D:9)
  Crazy Yiuf (D:3)
  5 orc priests
  A bullfrog skeleton (D:4)
  6 worker ants
  Terence (D:2)
  3 iguanas
  2 orc wizards (D:9)
  A hound skeleton (D:6)
  A hound zombie (D:7)
  A howler monkey zombie (D:5)
  A worker ant zombie (D:9)
  11 adders
  A river rat (Sewer)
  4 gnolls (D:6)
  2 shadow imps
  2 oozes (Sewer)
  2 adder skeletons (D:4)
  2 worms (Sewer)
  A dart slug (D:4)
  7 leopard geckos
  24 orcs
  4 bats
  3 giant cockroaches
  6 goblins
  11 hobgoblins
  12 jackals
  16 kobolds
  2 quokkas
  A ball python (Sewer)
  2 frilled lizards
  A leopard gecko skeleton (D:5)
  9 rats
213 creatures vanquished.

Vanquished Creatures (others)
  A human (D:2)
1 creature vanquished.

Grand Total: 214 creatures vanquished

Notes
Turn   | Place    | Note
-------+----------+-------------------------------------------
     0 | D:1      | shinino the Formicid Fighter began the quest for the Orb.
     0 | D:1      | Reached XP level 1. HP: 18/18 MP: 1/1
   130 | D:1      | Reached XP level 2. HP: 17/24 MP: 2/2
   307 | D:1      | Reached skill level 3 in Axes
   731 | D:2      | Reached XP level 3. HP: 28/29 MP: 3/3
   973 | D:2      | Noticed Terence
   985 | D:2      | Killed Terence
  1009 | D:2      | Reached XP level 4. HP: 30/35 MP: 4/4
  1012 | D:2      | Reached skill level 4 in Axes
  1215 | D:2      | Found an ancient bone altar of Kikubaaqudgha.
  1215 | D:2      | Noticed a human
  1217 | D:2      | Killed a human
  1539 | D:3      | Found a runed door.
  1961 | D:3      | Reached XP level 5. HP: 41/41 MP: 5/5
  2216 | D:3      | Noticed Crazy Yiuf
  2221 | D:3      | Killed Crazy Yiuf
  2221 | D:3      | Reached skill level 5 in Axes
  2470 | D:4      | Reached XP level 6. HP: 38/47 MP: 6/6
  2474 | D:4      | Reached skill level 6 in Axes
  2521 | D:4      | Found a staircase to the Ecumenical Temple.
  2537 | Temple   | Entered the Ecumenical Temple
  2549 | Temple   | Became a worshipper of Warmaster Okawaru
  2753 | D:4      | Found a glowing drain.
  2770 | Sewer    | Entered a sewer
  2878 | Sewer    | Reached * piety under Okawaru
  2878 | Sewer    | Reached XP level 7. HP: 34/52 MP: 7/7
  3024 | Sewer    | Reached skill level 5 in Shields
  3102 | Sewer    | Reached skill level 7 in Axes
  3396 | Sewer    | Reached XP level 8. HP: 55/58 MP: 8/8
  3888 | D:4      | Found Jeigekh's Antique Weapon Shoppe.
  3965 | D:4      | Found a glowing golden altar of the Shining One.
  4086 | D:5      | Entered Level 5 of the Dungeon
  4153 | D:5      | Found Sika's Jewellery Shoppe.
  4242 | D:5      | Reached ** piety under Okawaru
  4242 | D:5      | Reached skill level 8 in Axes
  5395 | D:6      | Reached XP level 9. HP: 42/64 MP: 7/9
  5404 | D:6      | Reached skill level 9 in Axes
  5706 | D:6      | Reached *** piety under Okawaru
  6042 | D:7      | Reached skill level 1 in Invocations
  6047 | D:7      | Gained mutation: Scrolls take you a little longer to read. [mutagenic meat]
  6048 | D:7      | Gained mutation: You expend magic power (3 MP) to strengthen your wands. [mutagenic meat]
  6049 | D:7      | Gained mutation: You occasionally shout uncontrollably at your foes. [mutagenic meat]
  6050 | D:7      | Gained mutation: You passively map a small area around you. [mutagenic meat]
  6052 | D:7      | Gained mutation: You are frail. (-10% HP) [mutagenic meat]
  6598 | D:7      | Reached skill level 10 in Axes
  6670 | D:7      | Reached **** piety under Okawaru
  6686 | D:7      | Reached XP level 10. HP: 45/63 MP: 12/12
  7135 | D:8      | Noticed Pikel
  7160 | D:8      | Killed Pikel
  7424 | D:4      | Bought a glowing battleaxe for 412 gold pieces
  7618 | D:8      | Reached skill level 5 in Invocations
  7799 | D:8      | Reached ***** piety under Okawaru
  8218 | D:9      | Reached skill level 5 in Fighting
  8469 | D:9      | Reached skill level 5 in Armour
  8497 | D:9      | Noticed Erolcha
  8507 | D:9      | Killed Erolcha
  8507 | D:9      | Reached skill level 11 in Axes
  8865 | D:9      | Received a gift from Okawaru
  8865 | D:9      | Reached XP level 11. HP: 72/72 MP: 16/16
  8868 | D:9      | Got a pair of faintly glowing gloves {god gift}
  8874 | D:9      | Identified the -3 pair of gloves of the Earth {rElec rPois Dex+4 Stlth+} (Okawaru gifted it to you on level 9 of the Dungeon)
  8994 | D:10     | Entered Level 10 of the Dungeon
  9040 | D:10     | Gained mutation: You are somewhat resistant to further mutation. [potion of beneficial mutation]
  9046 | D:10     | Noticed Harold
  9048 | D:10     | Slain by a troll

Vault maps used:
D:1:      dpeg_arrival_concentric_ovals
D:2:      serial_co_window_serial, co_window_paths_b,
          co_window_of_opportunity_a, co_window_paths_b, co_window_paths_a,
          co_window_paths_a, co_window_corner_cb, co_window_unsneaky_path_d,
          co_window_corner_b, co_window_of_opportunity_b,
          co_window_unsneaky_path_d, co_window_corner_ca, co_window_broadway_a,
          co_window_4corner_b, minivault_23, tgw_kikubaaqudgha, uniq_terence
D:3:      uniq_crazy_yiuf_cottage
D:4:      portal_sewer_entry_f, serial_shops, shop_statue, first_bread,
          tso_altar
D:5:      serial_shops, shop, minmay_item_behind_shaft
D:8:      uniq_pikel
D:9:      grunt_pizzeria, uniq_erolcha
D:10:     lair_0_dummy, serial_shops, kennysheep_mini, uniq_psyche,
          uniq_josephine, uniq_harold
Temple:   regret_index_temple_sigil_plot
Sewer:    sewer_co_tree

Skill      XL: |  1  2  3  4  5  6  7  8  9 10 11 |
---------------+----------------------------------+-----
Axes           | 3 4 5 6 7 8 10 11 | 11.3
Shields        | 4 6 8 9 |  9.3
Invocations    | 3 6 7 |  7.2
Fighting       | 4 5 |  5.8
Armour         | 4 5 |  5.6

Action                   |  1- 3 |  4- 6 |  7- 9 | 10-12 || total
-------------------------+-------+-------+-------+-------++-------
Melee: War axe           |    63 |   177 |   565 |    66 ||   871
       Battleaxe         |       |       |       |   127 ||   127
Invok: Heroism           |       |       |     8 |     3 ||    11
       Finesse           |       |       |       |     3 ||     3
  Use: Scroll            |       |     3 |     5 |     6 ||    14
       Potion            |       |       |     7 |     4 ||    11
  Eat: Meat ration       |       |     1 |     1 |       ||     2
       Royal jelly       |       |     1 |       |     1 ||     2
       Pizza             |       |       |     3 |       ||     3
       Fruit             |       |       |     4 |       ||     4
       Chunk             |       |       |     6 |       ||     6
       Beef jerky        |       |       |       |     2 ||     2
       Bread ration      |       |       |       |     1 ||     1
Armor: Scale mail        |    31 |    70 |    84 |       ||   185
       Chain mail        |       |       |   106 |    72 ||   178
Dodge: Dodged            |    14 |    63 |   142 |    51 ||   270
Block: Shield            |    36 |    99 |   330 |   116 ||   581
